Map: Site Delta LE

Players

llllllllllll - Winner!

  • Race: Protoss Protoss
  • League: Platinum
  • Spawn Location: 11:00

Subwayeatn

  • Race: Zerg Zerg
  • League: Platinum
  • Spawn Location: 5:00

VOD

Have the link to the VOD?

Description

Time

  • Played on: Oct. 29, 2023, 3:10 p.m.
  • Length: 6:57
Show
View Real Time Build Order
Export as new Build Order

llllllllllll Protoss - Winner!

Build Orders: Mass Adepts 

Get SALT Encoding   

  12  0:00  Probe  
  13  0:12  Probe  
  14  0:17  Pylon  
  14  0:24  Probe  
  15  0:36  Gateway  
  15  0:38  Probe (Chrono Boost)  
  16  0:47  Assimilator, Probe (Chrono Boost)  
  17  0:52  Probe (Chrono Boost)  
  18  1:00  Assimilator  
  18  1:04  Probe  
  19  1:15  Gateway  
  19  1:16  Probe  
  20  1:24  Cybernetics Core  
  20  1:28  Probe  
  21  1:35  Pylon  
  21  1:40  Probe  
  22  1:52  Probe  
  23  2:02  Twilight Council  
  23  2:05  Adept x2  
  27  2:11  Pylon  
  27  2:13  Warp Gate (Chrono Boost)  
  27  2:20  Shield Battery  
  27  2:30  Gateway  
  27  2:41  Gateway  
  27  2:45  Adept  
  29  2:51  Adept  
  29  2:52  Resonating Glaives (Chrono Boost)  
  29  3:23  Gateway  
  29  3:26  Gateway  
  29  3:40  Pylon  
  29  3:55  Adept x4  
  37  4:09  Pylon  
  37  4:18  Adept x3  
  37  4:22  Adept  
  45  4:29  Adept  
  43  4:57  Adept x4  
  37  5:26  Adept x5  
  35  5:40  Adept  
  37  5:50  Adept x2  
  33  6:25  Robotics Facility  
  31  6:31  Stalker x4  
  39  6:37  Stalker  
  41  6:45  Stalker  
Show
View Real Time Build Order
Export as new Build Order

Subwayeatn Zerg 

Build Orders: Hatch First 

Get SALT Encoding   

  12  0:00  Drone  
  13  0:12  Overlord  
  13  0:16  Drone  
  14  0:30  Drone  
  14  0:31  Drone  
  16  0:48  Hatchery  
  15  0:52  Drone  
  15  0:55  Drone  
  17  0:59  Extractor  
  16  1:12  Spawning Pool  
  16  1:14  Drone  
  16  1:18  Drone  
  17  1:25  Drone  
  17  1:28  Drone  
  19  1:38  Drone  
  20  1:52  Drone  
  21  1:59  Queen  
  21  2:00  Queen  
  25  2:05  Metabolic Boost  
  25  2:12  Overlord  
  25  2:17  Zergling x2  
  25  2:18  Zergling x2  
  25  2:20  Zergling x2  
  28  2:37  Queen  
  28  2:39  Queen  
  32  2:48  Zergling x2  
  33  2:53  Overlord  
  33  3:01  Drone x3  
  33  3:22  Zergling x6  
  35  3:32  Lair  
  35  3:33  Extractor  
  34  3:39  Roach Warren  
  34  3:41  Extractor  
  31  4:12  Drone x3  
  31  4:14  Hatchery  
  33  4:21  Overlord  
  33  4:25  Roach x4  
  33  4:26  Roach  
  42  4:40  Roach x4  
  42  4:41  Roach  
  43  4:54  Roach  
  43  4:55  Roach x3  
  45  5:12  Queen  
  45  5:13  Queen  
  43  5:24  Roach  
  43  5:25  Roach x2  
  41  5:43  Overlord  
  41  5:49  Roach x2  
  38  6:10  Overlord x2  
  35  6:16  Drone  
  31  6:26  Drone  
Tags
 
Composition
Mass Adepts
Matchup
PvZ
Replay Pack
Multiplayer
Spawn Locations
Cross Positions
Add a new tag
Caveats
  • Supply blocks, unpowered buildings, or Contaminate may cause inaccurate times.
  • Supply counts are checked every 10 seconds.